AoeStats
← Abate

African Clearing

511641663Analyzed
2v2 RM · 12d ago on Oct 5, 2026· 32m 23s· 4 players
Game mode
Random Map
Map size
Medium (4 player)
Population
200
Speed
Normal
Resources
Standard
Victory
Conquest
Starting age
Dark Age
Ending age
Imperial Age
RankedLock teamsTeams togetherTeam positionsShared explorationLock speedFull tech treeHidden civsTurbo modeCheats
Victory
Defeat
🇪🇸 Koreans · Spain
1254
+13
🇦🇷 Huns · Argentina
1239
+14
vs
🇺🇸 Vietnamese · United States
1237
-16
🇺🇸 Persians · United States
1136
-11
Dejá
4:07 Loom
12:35 Feudal Age
16:24 Castle Age
14:49 Double-Bit Axe
15:43 Fletching
[MCS]Urlock
13:10 Feudal Age
17:29 Castle Age
17:05 Fletching
17:23 Double-Bit Axe
19:12 Loom
19:40 Crossbowman
22:26 Horse Collar
23:19 Gold Mining
29:47 Wheelbarrow
29:46 Bow Saw
33:50 Imperial Age
Hero
9:38 Loom
11:56 Feudal Age
12:45 Double-Bit Axe
17:53 Bloodlines
20:39 Fishing Lines
29:49 Castle Age
Abate
10:03 Loom
12:40 Feudal Age
13:14 Double-Bit Axe
14:46 Horse Collar
17:13 Fletching
18:36 Padded Archer Armor
21:02 Forging
21:57 Wheelbarrow
26:09 Castle Age
26:15 Crossbowman
26:50 Bodkin Arrow
27:22 Bow Saw
28:13 Ballistics
Connection lost

Rejoining the realm…

Still unreachable

The connection could not be restored.

Session expired

The server has moved on; the page needs a fresh start.